Map: Ruins of Seras

Players

AcerBly (Bly)

  • Race: Zerg Zerg

PartinG - Winner!

  • Race: Protoss Protoss

Event: DreamHack ROCCAT LotV Championship

VOD

Have the link to the VOD?

Description

Time

  • Played on: Nov. 26, 2015, 7:50 a.m.
  • Length: 9:48

All games in this series

Show
View Real Time Build Order
Export as new Build Order

AcerBly Zerg 

Build Orders: Hatch First 

Get SALT Encoding   

  12  0:01  Drone  
  13  0:12  Overlord  
  13  0:18  Drone  
  14  0:32  Drone x2  
  14  0:34  Drone  
  17  0:46  Drone  
  18  0:56  Hatchery  
  17  1:01  Drone  
  18  1:12  Spawning Pool  
  18  1:16  Drone  
  19  1:25  Drone  
  19  1:33  Overlord  
  19  1:59  Queen, Zergling x4  
  23  2:01  Zergling x2  
  23  2:05  Hatchery  
  23  2:08  Drone  
  24  2:11  Drone  
  25  2:20  Queen  
  27  2:26  Drone x2  
  29  2:32  Overlord  
  29  2:36  Drone  
  30  2:49  Queen  
  30  2:50  Drone x2  
  34  2:55  Overlord  
  34  3:04  Drone x2  
  34  3:05  Drone  
  36  3:16  Drone x2  
  36  3:17  Drone x2  
  40  3:22  Drone  
  40  3:24  Queen  
  40  3:26  Extractor  
  41  3:27  Extractor  
  40  3:35  Overlord  
  40  3:36  Drone x3  
  40  3:40  Drone x2  
  40  3:41  Drone  
  46  3:42  Drone  
  46  3:46  Queen  
  50  3:55  Zergling x6  
  50  3:56  Zergling x2  
  50  3:58  Zergling x6  
  55  4:03  Zergling x6  
  56  4:11  Drone x3  
  59  4:19  Queen x2  
  59  4:21  Zergling x4  
  64  4:29  Zergling x4  
  65  4:41  Zergling x4  
  65  4:42  Metabolic Boost  
  65  4:44  Lair  
  66  4:46  Overlord  
  66  4:49  Overlord  
  65  4:53  Roach Warren  
  65  4:55  Queen  
  63  5:04  Drone x5  
  68  5:13  Zergling x8  
  68  5:17  Zergling x10  
  73  5:34  Drone x5  
  76  5:37  Overlord  
  72  5:48  Queen  
  74  5:50  Nydus Network  
  74  5:54  Overseer x2  
  68  5:58  Overseer  
  68  6:01  Zergling x16  
  68  6:02  Overlord  
  72  6:09  Drone x5  
  72  6:10  Drone  
  74  6:13  Drone  
  72  6:22  Drone x2  
  75  6:30  Overlord  
  75  6:35  Drone x6  
  81  6:42  Drone, Spire  
  81  6:48  Overlord  
  81  6:50  Drone x3  
  81  6:51  Drone  
  85  6:54  Overlord  
  85  6:57  Drone, Extractor  
  85  6:58  Extractor  
  84  7:08  Drone x5  
  88  7:12  Hydralisk Den  
  88  7:13  Hatchery  
  87  7:16  Drone x2  
  89  7:24  Drone x3  
  89  7:27  Extractor x2  
  89  7:29  Overlord  
  90  7:39  Drone x5  
  90  7:43  Overlord  
  95  7:46  Drone  
  95  7:47  Drone x3  
  95  7:49  Overlord  
  99  7:58  Mutalisk x6  
  111  8:06  Drone  
  111  8:07  Drone  
  111  8:08  Infestation Pit  
  111  8:09  Zergling x8  
  111  8:10  Zergling x4  
  118  8:15  Zergling x2  
  119  8:22  Hydralisk x2  
  99  8:39  Drone x13  
  109  8:55  Drone  
  109  8:56  Spore Crawler, Spine Crawler  
  109  8:58  Overlord  
  108  9:06  Hydralisk  
  108  9:07  Hydralisk x8  
  120  9:21  Hydralisk  
  120  9:22  Hydralisk x4  
Show
View Real Time Build Order
Export as new Build Order

PartinG Protoss - Winner!

Build Orders: Nexus First 

Get SALT Encoding   

  12  0:00  Probe (Chrono Boost)  
  13  0:11  Probe (Chrono Boost)  
  14  0:19  Pylon  
  14  0:22  Probe (Chrono Boost)  
  15  0:38  Probe (Chrono Boost)  
  16  0:48  Probe (Chrono Boost)  
  17  1:01  Probe (Chrono Boost)  
  18  1:05  Nexus  
  18  1:15  Gateway  
  18  1:20  Assimilator  
  18  1:25  Probe (Chrono Boost)  
  19  1:28  Assimilator  
  19  1:35  Probe (Chrono Boost)  
  20  1:45  Gateway  
  20  1:47  Probe (Chrono Boost)  
  20  1:53  Pylon  
  21  1:58  Probe (Chrono Boost)  
  22  2:03  Cybernetics Core  
  23  2:08  Probe (Chrono Boost)  
  23  2:17  Probe (Chrono Boost)  
  23  2:19  Probe (Chrono Boost)  
  25  2:28  Probe (Chrono Boost)  
  25  2:29  Probe (Chrono Boost)  
  27  2:40  Stalker x2 (Chrono Boost)  
  27  2:41  Warp Gate  
  31  2:47  Mothership Core  
  31  2:49  Probe  
  34  2:58  Pylon  
  34  3:02  Probe  
  35  3:08  Probe  
  36  3:14  Stalker (Chrono Boost)  
  38  3:22  Stalker (Chrono Boost)  
  38  3:23  Probe  
  41  3:32  Probe (Chrono Boost)  
  42  3:35  Probe (Chrono Boost)  
  42  3:37  Twilight Council  
  43  3:53  Pylon  
  43  3:55  Pylon  
  43  3:58  Probe x2 (Chrono Boost), Pylon  
  45  4:04  Pylon  
  45  4:09  Probe (Chrono Boost)  
  46  4:12  Probe (Chrono Boost)  
  47  4:17  Dark Shrine  
  47  4:24  Probe x2 (Chrono Boost)  
  49  4:38  Probe x2 (Chrono Boost)  
  51  4:45  Robotics Facility  
  51  4:48  Gateway  
  51  4:50  Gateway  
  51  4:53  Pylon  
  51  4:55  Adept x2  
  51  4:56  Forge  
  57  5:00  Probe x2 (Chrono Boost)  
  57  5:03  Assimilator  
  57  5:04  Assimilator  
  57  5:16  Probe (Chrono Boost)  
  57  5:17  Probe (Chrono Boost)  
  59  5:23  Pylon  
  59  5:27  Probe x2 (Chrono Boost)  
  61  5:29  Protoss Ground Weapons Level 1  
  61  5:30  Dark Templar x2  
  65  5:42  Probe x2 (Chrono Boost)  
  63  5:46  Observer  
  63  5:49  Nexus  
  64  5:50  Pylon  
  64  5:58  Probe x2 (Chrono Boost)  
  66  6:05  Stalker x2  
  66  6:06  Pylon  
  66  6:09  Probe x2 (Chrono Boost)  
  72  6:15  Photon Cannon  
  72  6:17  Pylon  
  68  6:19  Probe (Chrono Boost)  
  68  6:20  Probe (Chrono Boost)  
  68  6:24  Robotics Bay  
  70  6:30  Sentry x3  
  70  6:31  Pylon  
  70  6:32  Probe x2 (Chrono Boost)  
  78  6:39  Adept  
  80  6:43  Probe x2 (Chrono Boost)  
  80  6:44  Photon Cannon  
  82  6:47  Warp Prism (Chrono Boost)  
  84  6:55  Photon Cannon  
  84  6:57  Blink (Chrono Boost)  
  84  7:00  Photon Cannon  
  84  7:15  Disruptor  
  84  7:17  Probe  
  84  7:18  Probe x2  
  84  7:19  Pylon  
  84  7:20  Pylon  
  84  7:21  Assimilator  
  90  7:23  Assimilator  
  90  7:28  Protoss Ground Weapons Level 2 (Chrono Boost)  
  90  7:30  Probe  
  90  7:31  Probe x2  
  90  7:33  Pylon  
  90  7:35  Pylon  
  93  7:49  Stalker x4  
  101  7:52  Gateway  
  101  7:54  Gateway  
  101  7:56  Disruptor  
  101  7:57  Gateway  
  101  8:04  Gravitic Drive  
  101  8:05  Pylon  
  104  8:06  Pylon  
  104  8:09  Gateway  
  104  8:11  Probe x3  
  107  8:15  Sentry x3  
  109  8:40  Stalker x4  
  113  8:43  Photon Cannon  
  113  8:44  Photon Cannon  
  113  8:45  Photon Cannon  
  113  8:52  Photon Cannon  
  113  9:00  Pylon  
  113  9:02  Stalker x2  
  117  9:07  Stalker x5  
  127  9:13  Pylon  
  127  9:16  Stalker  
  128  9:32  Stalker x3  
  128  9:33  Stalker x4  
  142  9:41  Nexus  
  134  9:45  Stalker  

Tags
 
Add a new tag
Caveats
  • Supply blocks, unpowered buildings, or Contaminate may cause inaccurate times.
  • Supply counts are checked every 10 seconds.